 Dungeon Crawl Stone Soup version 0.23.2-40-g277498a001 (webtiles) character file.

Game seed: 4956860189627605561

165 Htamos the Skirmisher (level 5, -2/47 HPs)
             Began as a Gnoll Abyssal Knight on Aug 28, 2019.
             Was a Believer of Lugonu.
             Slain by a kobold
             ... wielding a +0 short sword
              (3 damage)
             ... on level 3 of the Dungeon.
             The game lasted 00:07:42 (3094 turns).

Htamos the Skirmisher (Gnoll Abyssal Knight)        Turns: 3094, Time: 00:07:42

Health: -2/47      AC: 11    Str: 16    XL:     5   Next: 46%
Magic:  8/8        EV:  5    Int: 14    God:    Lugonu [**....]
Gold:   129        SH:  0    Dex: 14    Spells: 5/6 levels left

rFire    . . .     SeeInvis .   w - +0 blowgun
rCold    . . .     Gourm    .   (no shield)
rNeg     . . .     Faith    .   f - +0 plate armour
rPois    .         Spirit   .   (no helmet)
rElec    .         Reflect  .   (no cloak)
rCorr    .         Harm     .   (no gloves)
MR       .....                  (no boots)
Stlth    ..........             (no amulet)
HPRegen  0.15/turn              (no ring)
MPRegen  0.11/turn              (no ring)

@: lightly drained
A: distributed training, fangs 1, strong nose
a: Depart the Abyss, Bend Space, Renounce Religion


You were on level 3 of the Dungeon.
You worshipped Lugonu.
Lugonu was pleased with you.
You were very hungry.

You visited 1 branch of the dungeon, and saw 3 of its levels.
You visited the Abyss 1 time.

You collected 129 gold pieces.

Inventory:

Hand Weapons
 a - a +1 hand axe
 q - a +2 mace of draining
 u - a +0 long sword
 v - a +0 dagger of speed
 w - a +0 blowgun (weapon)
Missiles
 x - 7 poisoned needles (quivered)
Armour
 b - a +0 leather armour
 f - a +0 plate armour (worn)
Jewellery
 g - a cursed ring of attention {unknown}
 t - an uncursed ring of poison resistance {unknown}
Scrolls
 d - a scroll of immolation
 e - a scroll of amnesia
 h - a scroll of enchant armour {unknown}
 i - a scroll of fear {unknown}
 k - 2 scrolls of noise {unknown}
 l - 2 scrolls of identify {unknown}
 n - a scroll of enchant weapon {unknown}
 p - a scroll of remove curse {unknown}
Potions
 j - a potion of cancellation {unknown}
 m - a potion of berserk rage {unknown}
 o - 2 potions of magic {unknown}
 r - a potion of flight {unknown}
 s - 2 potions of heal wounds {unknown}
Comestibles
 c - 4 rations


   Skills:
 + Level 6.7(6.1) Fighting
 + Level 1.4(0.9) Short Blades
 + Level 1.4(0.9) Long Blades
 + Level 4.8(4.2) Axes
 + Level 1.4(0.9) Maces & Flails
 + Level 1.4(0.9) Polearms
 + Level 1.4(0.9) Staves
 + Level 1.4(0.9) Slings
 + Level 1.4(0.9) Bows
 + Level 1.4(0.9) Crossbows
 + Level 1.4(0.9) Throwing
 + Level 4.8(4.2) Armour
 + Level 3.0(2.4) Dodging
 + Level 1.4(0.9) Stealth
 + Level 1.4(0.9) Shields
 + Level 1.4(0.9) Unarmed Combat
 + Level 1.4(0.9) Spellcasting
 + Level 1.1(0.6) Conjurations
 + Level 1.1(0.6) Hexes
 + Level 1.1(0.6) Charms
 + Level 1.1(0.6) Summonings
 + Level 1.1(0.6) Necromancy
 + Level 1.1(0.6) Translocations
 + Level 1.1(0.6) Transmutations
 + Level 1.1(0.6) Fire Magic
 + Level 1.1(0.6) Ice Magic
 + Level 1.1(0.6) Air Magic
 + Level 1.1(0.6) Earth Magic
 + Level 1.1(0.6) Poison Magic
 + Level 4.8(4.3) Invocations
 + Level 1.4(0.9) Evocations


You had 5 spell levels left.
You knew the following spells:

 Your Spells              Type           Power        Failure   Level  Hunger
a - Pain                  Necr           #...         100%        1    ##.....

Your spell library contained the following spells:

 Spells                   Type           Power        Failure   Level  Hunger
 Animate Skeleton         Necr           N/A          100%        1    ##.....
 Regeneration             Chrm/Necr      #.........   100%        3    ####...
 Vampiric Draining        Necr           #.........   100%        3    ####...
 Animate Dead             Necr           N/A          100%        4    #####..


Dungeon Overview and Level Annotations

Branches:
Dungeon (3/15)

Altars:

Annotations:
D:2 Sigmund
D:3 Grinder


Innate Abilities, Weirdness & Mutations

Your experience applies equally to all skills.
You have very sharp teeth.
Your uncanny sense of smell can sniff out nearby items.


Message History

Something hits you but does no damage.
Sigmund appears from thin air!
Reactivating autopickup.
Sigmund gestures at you while chanting. You resist with some effort.
Sigmund gestures at you while chanting. The puff of flame hits you!
* * * LOW HITPOINT WARNING * * *
Sigmund gestures at you while chanting. The puff of flame hits you!
* * * LOW HITPOINT WARNING * * *
Sigmund points at you and mumbles some strange words.
The puff of flame hits you.
* * * LOW HITPOINT WARNING * * *
There is a stone staircase leading down here.
Unknown command.
You climb downwards.
Level annotation: Grinder The kobold hits you with a +0 short sword.
You die...

.......# #.#...####....
.......# ∆ #.#...# #....
..(....# #...# #.....
.(.....# #.#.# #.....
.......# #.#.# #..5..
.......+ ##.#.# #....K
.(###.## #..#.# #.....
.......# ##########.##.#
##....
..###..#####....@.....##.#
#.... ..#
#...........K.....##.# ..#
#.#####...........##K# ..#
#.# #............#.###...
### ...
##.........#..........
....
..[...#...5...........
#.....
#########....#.........
##.### #....#......#.. #.
#....##..##### #


You could see Grinder and a kobold.

Vanquished Creatures
  Robin (D:2)
  A gnoll (D:1)
  5 adders
  3 oozes
  A dart slug (D:1)
  4 leopard geckos
  4 giant cockroaches
  11 goblins
  15 hobgoblins
  2 jackals (D:2)
  A quokka (D:2)
  12 bats
  4 frilled lizards
  9 kobolds
  4 rats
77 creatures vanquished.

Notes
Turn   | Place    | Note
-------+----------+-------------------------------------------
     0 | Abyss:1  | Htamos the Gnoll Abyssal Knight began the quest for the
                  | Orb.
     0 | Abyss:1  | Reached XP level 1. HP: 23/23 MP: 3/3
    32 | Abyss:1  | Noticed a small abomination
    86 | Abyss:2  | Noticed a wretched star
    91 | Abyss:2  | Noticed a spatial vortex
    91 | Abyss:2  | Noticed a spatial maelstrom
    92 | Abyss:2  | Noticed a spatial vortex
   105 | Abyss:2  | Noticed a large abomination
   118 | Abyss:2  | Noticed a spatial vortex
   119 | D:1      | Escaped the Abyss
   291 | D:1      | Reached XP level 2. HP: 29/29 MP: 5/5
   350 | D:1      | Reached * piety under Lugonu
   646 | D:1      | Reached XP level 3. HP: 35/35 MP: 6/6
  1028 | D:2      | Noticed Robin
  1116 | D:2      | Reached skill level 1 in Short Blades
  1116 | D:2      | Reached skill level 1 in Long Blades
  1116 | D:2      | Reached skill level 1 in Maces & Flails
  1116 | D:2      | Reached skill level 1 in Polearms
  1116 | D:2      | Reached skill level 1 in Staves
  1116 | D:2      | Reached skill level 1 in Slings
  1116 | D:2      | Reached skill level 1 in Bows
  1116 | D:2      | Reached skill level 1 in Crossbows
  1116 | D:2      | Reached skill level 1 in Throwing
  1116 | D:2      | Reached skill level 1 in Stealth
  1116 | D:2      | Reached skill level 1 in Shields
  1116 | D:2      | Reached skill level 1 in Unarmed Combat
  1116 | D:2      | Reached skill level 1 in Spellcasting
  1116 | D:2      | Reached skill level 1 in Evocations
  1116 | D:2      | Reached XP level 4. HP: 24/41 MP: 7/7
  1120 | D:2      | Noticed Sigmund
  1392 | D:2      | Reached ** piety under Lugonu
  1643 | D:2      | Reached skill level 1 in Conjurations
  1643 | D:2      | Reached skill level 1 in Hexes
  1643 | D:2      | Reached skill level 1 in Charms
  1643 | D:2      | Reached skill level 1 in Summonings
  1643 | D:2      | Reached skill level 1 in Necromancy
  1643 | D:2      | Reached skill level 1 in Translocations
  1643 | D:2      | Reached skill level 1 in Transmutations
  1643 | D:2      | Reached skill level 1 in Fire Magic
  1643 | D:2      | Reached skill level 1 in Ice Magic
  1643 | D:2      | Reached skill level 1 in Air Magic
  1643 | D:2      | Reached skill level 1 in Earth Magic
  1643 | D:2      | Reached skill level 1 in Poison Magic
  1886 | D:2      | Killed Robin
  1970 | D:2      | Reached XP level 5. HP: 29/47 MP: 8/8
  2577 | D:3      | Noticed Grinder
  2577 | D:3      | Paralysed by Grinder for 3 turns
  2709 | D:3      | Learned a level 1 spell: Pain
  2766 | D:3      | Paralysed by Grinder for 6 turns
  3092 | D:2      | HP: 1/47 [Sigmund/puff of flame (3)]
  3094 | D:3      | Slain by a kobold

Skill      XL: |  1  2  3  4  5 |
---------------+----------------+-----
Short Blades   | 1 |  1.4
Long Blades    | 1 |  1.4
Maces & Flails | 1 |  1.4
Polearms       | 1 |  1.4
Staves         | 1 |  1.4
Slings         | 1 |  1.4
Bows           | 1 |  1.4
Crossbows      | 1 |  1.4
Throwing       | 1 |  1.4
Stealth        | 1 |  1.4
Shields        | 1 |  1.4
Unarmed Combat | 1 |  1.4
Spellcasting   | 1 |  1.4
Evocations     | 1 |  1.4
Conjurations   | 1 |  1.1
Hexes          | 1 |  1.1
Charms         | 1 |  1.1
Summonings     | 1 |  1.1
Necromancy     | 1 |  1.1
Translocations | 1 |  1.1
Transmutations | 1 |  1.1
Fire Magic     | 1 |  1.1
Ice Magic      | 1 |  1.1
Air Magic      | 1 |  1.1
Earth Magic    | 1 |  1.1
Poison Magic   | 1 |  1.1
Dodging        | 3 |  3.0
Fighting       | |  6.7
Axes           | |  4.8
Armour         | |  4.8
Invocations    | |  4.8

Action                   |  1- 3 |  4- 6 || total
-------------------------+-------+-------++-------
Melee: Hand axe          |    97 |    61 ||   158
       Bite              |     7 |     7 ||    14
       Mace              |       |    58 ||    58
       Punch             |       |     1 ||     1
 Fire: Blowgun           |       |     4 ||     4
Invok: Depart the Abyss  |     1 |       ||     1
  Use: Scroll            |       |     2 ||     2
  Eat: Chunk             |     1 |     5 ||     6
Armor: Plate armour      |    76 |   102 ||   178
Dodge: Dodged            |    32 |    46 ||    78
